[Event "Swedish Championship U20 2022"]
[Site "Uppsala"]
[Date "2022.07.02"]
[Round "1.1"]
[White "Torngren, Gustav"]
[Black "Ostlund, Joar"]
[Result "0-1"]
[ECO "C54"]
[WhiteElo "2273"]
[BlackElo "2222"]
[Annotator "TA"]
[PlyCount "76"]
[EventDate "2022.07.01"]
[EventType "tourn"]
[EventCountry "SWE"]
[SourceTitle "playchess.com"]
[Source "ChessBase"]
[SourceQuality "1"]
[TimeControl "40/5400+30:1800+30"]

1. e4 e5 2. Nf3 Nc6 3. Bc4 Bc5 4. c3 Nf6 5. d4 exd4 6. b4 {[%emt 0:00:14] C54: Giuoco Piano: 4 c3 Nf6, main lines with 5 d4 and 5 d3.} Bb6 7. e5 {[%emt 0:00:20] [#]} d5 $1 8. exf6 {[%emt 0:00:24] Black is slightly better.} dxc4 9. Qe2+ {[%emt 0:00:20] The main line 9.Qe2+ scores better than 9.b5.} Be6 $1 (9... Kf8 10. b5 Na5 11. Qe5 $14) 10. b5 $1 Na5 $1 11. fxg7 Rg8 12. cxd4 {[%emt 0:00:19] 0-0 is the strong threat.} Rxg7 (12... Qd7 $15 {keeps the upper hand.} 13. Nc3 O-O-O) 13. Nc3 $16 {[%emt 0:03:22] Black must now prevent d5.} Bxd4 14. Nxd4 (14. Bb2 $1 $14 Bf6 15. Rd1) 14... Qxd4 $11 15. Bb2 {[%emt 0:00:22] [#] Hoping for Ne4.} Qg4 $146 (15... Rxg2 {is more complex.} 16. Ne4 Qd3 17. Nf6+ Kf8) ({Predecessor:} 15... Rxg2 16. Ne4 Qd3 17. Ng3 O-O-O 18. Bf6 Re8 19. Rd1 Qxe2+ 20. Nxe2 Bg4 {0-1 (20) Gracia Alvarez,G (2292)-Krivonosov,O (2371) Chess.com INT 2021}) 16. Ne4 (16. O-O-O $11 Qxe2 17. Nxe2 Rxg2 18. Nf4 Rxf2 19. Rhg1 Rxf4 20. Rg8+ Ke7 21. Ba3+ (21. Rxa8 Rf5 $11) 21... Kf6 22. Bb2+ Ke7 23. Ba3+ (23. Rxa8 Rf5 $11) 23... Kf6 24. Bb2+ Ke7) 16... Qxe2+ $17 (16... Qxg2 $2 17. O-O-O Kf8 18. Qe3 $18) 17. Kxe2 Rg6 18. Rad1 Bf5 (18... Rxg2 $6 19. Rhe1 $11) (18... a6 $1 $17 19. b6 (19. Nf6+ Ke7 $19) 19... cxb6) 19. Nf6+ $11 Ke7 $1 20. Nd5+ Kf8 21. Ba3+ Kg7 22. Bb2+ Kf8 $1 23. Rd4 ({White should play} 23. Rhe1 $11) 23... c6 (23... Rxg2 24. Ba3+ (24. Kf3 Rg6 $11) 24... Kg7 25. Bb2 $11) (23... c5 $15 24. Rf4 Re8+ 25. Kf3 Bd3) 24. Nf4 {[%emt 0:02:11] [#]} Rg5 (24... cxb5 $1 $15 25. Nxg6+ (25. Rd5 Bd3+) 25... hxg6) 25. Bc3 Bd3+ $1 26. Kf3 Rxb5 27. a4 {[%emt 0:00:26] [#]} (27. Nxd3 $11 cxd3 28. Rd1) 27... Rb3 $1 $17 28. Rc1 ({Don't blunder} 28. Bxa5 $2 Bf5+ 29. Nd3 (29. Ke2 $2 Re8+ 30. Kd2 Rb2+ 31. Kd1 Rb1+ 32. Kd2 Rxh1 $19) 29... Bxd3 $19) 28... c5 29. Rd6 {[%emt 0:00:31] [#] This costs White the game.} ({Not} 29. Rxd3 $2 cxd3 30. Nxd3 b6 $19) (29. Rd5 $17 Nc6 30. Rxc5) 29... Nc6 $1 $19 {[%emt 0:00:43][%cal Od3c2] aiming for ...Bc2!} 30. Kg4 Re8 31. Bf6 Ne5+ 32. Kg5 {[%emt 0:00:58] [#]} Rb6 $1 33. Rd5 (33. Nxd3 cxd3 34. Rd5 h6+ 35. Kf5) 33... h6+ $1 {[%emt 0:00:20] Black is clearly winning.} 34. Kh4 Rxf6 35. Nxd3 Nxd3 36. Rxc4 Rf4+ 37. Rxf4 Nxf4 38. Rxc5 Nxg2+ {[%emt 0:00:54] Weighted Error Value: White=0.54/Black=0.27 (precise)} 0-1

[Event "Swedish Championship U20 2022"]
[Site "Uppsala"]
[Date "2022.07.02"]
[Round "1.2"]
[White "Wernberg, Hugo"]
[Black "Rasti, Arvin"]
[Result "1/2-1/2"]
[ECO "E52"]
[WhiteElo "2316"]
[BlackElo "2136"]
[Annotator "TA"]
[PlyCount "48"]
[EventDate "2022.07.01"]
[EventType "tourn"]
[EventCountry "SWE"]
[SourceTitle "playchess.com"]
[Source "ChessBase"]
[SourceQuality "1"]
[TimeControl "40/5400+30:1800+30"]

1. d4 Nf6 2. c4 e6 3. Nc3 Bb4 4. e3 O-O 5. Bd3 d5 6. Nf3 b6 {[%emt 0:00:14] 6...dxc4 gains popularity.} 7. O-O Ba6 {[%emt 0:00:52] E52: Nimzo-Indian: Rubinstein: 4...0-0 5 Nf3 d5 6 Bd3 b6.} 8. cxd5 exd5 9. Bxa6 Nxa6 {[%emt 0:00:06] The position is equal.} 10. Qd3 Qc8 11. a3 {[%emt 0:04:56] [#]} Be7 $146 (11... Bxc3 $5 12. bxc3 c5 $11) ({Predecessor:} 11... Bxc3 12. bxc3 c5 13. Nd2 Re8 14. f3 Qb7 15. Bb2 c4 16. Qe2 Re6 17. Rfe1 Rae8 18. Nf1 Nh5 19. Qd2 f5 20. a4 Qf7 21. g3 Nc7 22. Ba3 h6 23. h3 Nf6 24. g4 Nh7 25. Kg2 fxg4 {½-½ (25) Johannessen,L (2519)-Leko,P (2744) Tromsoe 2013}) 12. e4 dxe4 13. Nxe4 Nxe4 14. Qxe4 Re8 15. Bf4 Bd6 16. Be5 f6 {[%emt 0:07:04] Against Ng5} 17. Qd5+ Qe6 18. Qxe6+ (18. Qb5 {keeps more tension.} Bxe5 19. Rfe1 Nc5 20. dxe5 c6 21. Qf1) 18... Rxe6 19. Bxd6 Rxd6 20. Rfc1 Re8 21. b4 c6 22. g3 Kf7 23. Rc4 Nc7 24. a4 (24. Rac1 $11 {should be considered.}) 24... b5 {[%emt 0:05:25] Weighted Error Value: White=0.12 (very precise) /Black=0.11 (very precise)} (24... Nd5 $15) 1/2-1/2

[Event "Swedish Championship U20 2022"]
[Site "Uppsala"]
[Date "2022.07.02"]
[Round "1.3"]
[White "Grahn, Vidar"]
[Black "Olsson, William"]
[Result "0-1"]
[ECO "B78"]
[WhiteElo "2003"]
[BlackElo "2284"]
[Annotator "TA"]
[PlyCount "106"]
[EventDate "2022.07.01"]
[EventType "tourn"]
[EventCountry "SWE"]
[SourceTitle "playchess.com"]
[Source "ChessBase"]
[SourceQuality "1"]
[TimeControl "40/5400+30:1800+30"]

1. e4 c5 2. Nf3 d6 3. d4 cxd4 4. Nxd4 Nf6 5. Nc3 g6 6. Be3 Bg7 7. f3 O-O 8. Qd2 Nc6 9. Bc4 Bd7 10. O-O-O Rc8 11. Bb3 Ne5 12. h4 h5 13. Bg5 Rc5 14. Kb1 b5 15. g4 hxg4 16. h5 Nxh5 17. Nd5 Re8 {[%emt 0:00:06] B78: Sicilian Dragon: Yugoslav Attack, 9 Bc4 Bd7 10 0-0-0 Rc8.} (17... Nxf3 18. Nxf3 Rxd5 19. Bxd5 gxf3 20. Rdg1 $16) 18. Rdg1 {[%emt 0:05:03] fxg4 is the strong threat.} (18. Rxh5 $5 Rxd5 19. Bxd5 gxh5 20. Qh2 gxf3 21. Qxh5 $14) 18... Rxd5 $1 {[%emt 0:19:57] [#]} 19. exd5 $146 ({Predecessor:} 19. Bxd5 Qb6 20. c3 b4 21. cxb4 Nc4 22. Bxc4 Qxd4 23. Qxd4 Bxd4 24. fxg4 Nf6 25. Rd1 {0-1 (41) Palomo,F (2347)-Sanchez Alvarez,K (2261) Porlamar 2018}) 19... Qb6 {[%emt 0:03:39] The position is equal.} (19... gxf3 20. Bh6 Bxh6 21. Qxh6 $14) 20. Be3 {[%emt 0:10:19][%cal Od4e6] Strongly threatening Ne6!} Qb7 {[%emt 0:06:13] [#]} (20... gxf3 $2 21. Rxh5 $1 Ng4 22. Rxg4 $1 Bxg4 23. Rh4 $18) (20... a5 $11) 21. Bh6 (21. Rxh5 $1 $16 {[%mdl 512] Hoping for Rhh1.} gxh5 22. Qh2) 21... Bf6 $1 $14 (21... Nxf3 $2 22. Nxf3 Bf6 {[#]} 23. Be3 $1 $18) 22. fxg4 Bxg4 23. Nc6 {[%emt 0:08:04] And now Nxe5 would win.} Bf3 (23... Qc8 $14) 24. Rh3 (24. Nxe5 $16 dxe5 25. Rh3) 24... Qc8 $11 25. Qh2 (25. Rh2 $14) 25... Qf5 (25... a5 $15 26. Nxa5 (26. Rxh5 Bxh5 27. Qxh5 a4 $17) 26... Qd7) 26. Bc1 ({Reject} 26. Nxa7 Ng4 27. Rxh5 gxh5 $17) (26. Rf1 $1 $11 Qg4 27. Rg1 (27. Nxa7 Bg2 $11)) 26... Bg4 $15 27. Nd4 Qe4 $36 {[%emt 0:01:15][%mdl 2048] Black has the initiative.} 28. Rxh5 {[%emt 0:01:02] White does not recover from this.} ({White should try} 28. Nxb5 $15 Nf3 29. Rxf3 Bxf3 30. Qf2) 28... Bxh5 29. Qxh5 Qxd4 30. Rg2 Qe4 31. Qh3 Qh4 32. Qe3 a5 33. c3 b4 34. cxb4 axb4 35. Bc2 Kg7 36. b3 Rc8 {[%emt 0:02:41][%cal Oe5f3] aiming for ...Nf3!} 37. Bd2 $2 (37. Qf2 {was worth a try.}) 37... Rh8 {[%emt 0:05:03][%cal Oe5f3] White must now prevent ...Nf3!} 38. Be4 Qh5 39. Rg1 Nd7 {[%emt 0:02:38] Threatens to win with ...Qe5.} 40. Bg2 $2 (40. Bf3 Qf5+ 41. Qe4 Qxe4+ 42. Bxe4) 40... Qf5+ (40... Nc5 $142 41. Rf1 Qg4 42. Rxf6 exf6) 41. Qe4 $19 Qxe4+ 42. Bxe4 {[%emt 0:00:23] A strong pair of Bishops.} Rh4 43. Bc2 Nc5 44. Rf1 Rd4 45. Kc1 Na6 ({Don't blunder} 45... Rxd5 $2 46. Bxb4 Nd3+ 47. Bxd3 Rxd3 48. Bd2 $19) 46. Rd1 (46. Rf3 $142) 46... Nc7 {[%emt 0:00:00] Black is clearly winning.} 47. Be1 Nxd5 48. Rxd4 Bxd4 {[%emt 0:00:00] KBB-KBN} 49. Be4 Nc3 50. Bxc3 Bxc3 51. Kc2 f5 52. Bg2 Bd4 53. Kd3 Bc5 {[%emt 0:00:00] Weighted Error Value: White=0.84/Black=0.32} 0-1

[Event "Swedish Championship U20 2022"]
[Site "Uppsala"]
[Date "2022.07.02"]
[Round "1.4"]
[White "Nord, Alexander"]
[Black "Seo, Jung Hyun"]
[Result "1-0"]
[ECO "C00"]
[WhiteElo "2200"]
[BlackElo "2102"]
[Annotator "RC"]
[PlyCount "120"]
[EventDate "2022.07.01"]
[EventType "tourn"]
[EventCountry "SWE"]
[SourceTitle "playchess.com"]
[Source "ChessBase"]
[SourceQuality "1"]
[TimeControl "40/5400+30:1800+30"]

1. e4 e6 2. d3 d5 3. Nd2 Nf6 4. g3 Be7 5. Bg2 c5 6. Ngf3 Nc6 7. O-O Qc7 8. Re1 O-O 9. e5 Nd7 10. Qe2 b5 11. Nf1 a5 12. Bf4 Ba6 13. h4 c4 14. d4 c3 15. b3 a4 16. N1h2 b4 17. Qe3 Qb6 18. h5 axb3 19. axb3 Rfe8 20. Ng4 Bb5 21. Bg5 Rxa1 22. Rxa1 f6 23. exf6 Bxf6 24. Bxf6 Nxf6 25. Nxf6+ gxf6 26. Qf4 Be2 27. h6 Bxf3 28. Bxf3 Qb7 29. Qxf6 Qe7 30. Qxe7 Rxe7 31. Bh5 Ra7 32. Rxa7 Nxa7 33. Be8 Kf8 34. Ba4 Ke7 35. f3 Nc8 36. Bb5 Nd6 37. Bd3 Nf5 38. Bxf5 exf5 39. g4 Kf6 40. Kg2 Kg5 41. Kg3 Kxh6 42. Kf4 fxg4 43. fxg4 Kg6 44. Ke5 Kg5 45. Kxd5 Kxg4 46. Ke5 h5 47. d5 h4 48. d6 h3 49. d7 h2 50. d8=Q h1=Q 51. Qg8+ Kh3 52. Qh8+ Kg2 53. Qxh1+ Kxh1 54. Kd4 Kg2 55. Kc4 Kf2 56. Kxb4 Ke3 57. Kxc3 Ke4 58. Kc4 Ke5 59. Kc5 Ke6 60. Kc6 Ke7 1-0

[Event "Swedish Championship U20 2022"]
[Site "Uppsala"]
[Date "2022.07.02"]
[Round "1.5"]
[White "Soderstrom, Adrian"]
[Black "Falkevall, Axel"]
[Result "1/2-1/2"]
[ECO "D38"]
[WhiteElo "2292"]
[BlackElo "2275"]
[Annotator "TA"]
[PlyCount "69"]
[EventDate "2022.07.01"]
[EventType "tourn"]
[EventCountry "SWE"]
[SourceTitle "playchess.com"]
[Source "ChessBase"]
[SourceQuality "1"]
[TimeControl "40/5400+30:1800+30"]

1. d4 Nf6 2. c4 e6 3. Nf3 d5 4. Nc3 Bb4 5. Bg5 h6 6. Bxf6 Qxf6 7. Qa4+ Nc6 8. e3 O-O {[%emt 0:04:35] D38: Queen's Gambit Declined: Ragozin Defence (4 Nf3 Bb4).} 9. Rc1 Rd8 10. Be2 dxc4 11. Bxc4 {[%emt 0:25:34] [#]} Qg6 $146 ({Predecessor:} 11... Bxc3+ 12. bxc3 Bd7 13. Be2 Be8 14. Qb3 Na5 15. Qa3 b6 16. O-O c5 17. dxc5 Qe7 {½-½ (33) Rapport,R (2763)-Nepomniachtchi,I (2792) Paris 2021}) 12. O-O Bd7 {[%emt 0:06:38][%cal Oc6d4] [#] Hoping for ...Nxd4!} 13. Qc2 (13. Qd1 {with more complications.} Bd6 14. Bd3 Qh5 15. Be2) 13... Qxc2 14. Rxc2 Bf8 15. a3 Be8 16. Rfc1 Rac8 17. Ba2 Ne7 18. Ne4 Bc6 19. Nc5 Bxf3 20. gxf3 {[%emt 0:00:03][%cal Oc5e6] Strongly threatening Nxe6!} Rb8 21. Nd3 c6 22. Kf1 Nf5 23. Ke2 Bd6 24. f4 Kf8 25. Rc3 Be7 26. Ne5 Bf6 27. Rc5 Nd6 28. Bb1 Rbc8 29. Bd3 g6 30. b4 a6 31. R5c3 g5 32. Ng4 Bg7 33. fxg5 hxg5 34. Rc5 f6 (34... f5 $5 ) 35. Rh1 {[%emt 0:05:02] Weighted Error Value: White=0.07 (flawless) /Black=0.05 (flawless)} 1/2-1/2

[Event "Swedish Championship U20 2022"]
[Site "Uppsala"]
[Date "2022.07.03"]
[Round "2.1"]
[White "Ostlund, Joar"]
[Black "Wernberg, Hugo"]
[Result "1/2-1/2"]
[ECO "D37"]
[WhiteElo "2222"]
[BlackElo "2316"]
[Annotator "TA"]
[PlyCount "76"]
[EventDate "2022.07.01"]
[EventType "tourn"]
[EventCountry "SWE"]
[SourceTitle "playchess.com"]
[Source "ChessBase"]
[SourceQuality "1"]
[TimeControl "40/5400+30:1800+30"]

1. d4 d5 2. Nf3 Nf6 3. c4 e6 4. Nc3 Be7 5. Bf4 O-O 6. e3 Nbd7 7. c5 Nh5 8. Bd3 {[%emt 0:00:12] D37: Queen's Gambit Declined: 5 Bf4.} Nxf4 9. exf4 b6 10. b4 a5 11. a3 c6 12. O-O Ba6 13. Bxa6 Rxa6 14. Qe2 Qa8 $1 {[%emt 0:00:28][%mdl 4] [#] Hoping for ...axb4. is now more promising than 14...Ra8.} 15. Rab1 axb4 16. axb4 Ra3 17. Rfc1 Bf6 {[%emt 0:12:16] [#]} 18. Qd2 $146 ({Predecessor:} 18. Nd1 Rb8 19. Ne3 Ra2 20. Qd1 g6 21. g3 Bg7 22. Ra1 bxc5 23. bxc5 Nf6 24. Rxa2 Qxa2 {½-½ (68) Yu,Y (2709)-Grischuk,A (2777) Chess.com INT 2020}) 18... bxc5 19. bxc5 Rb8 20. Ne5 Nxe5 21. fxe5 Bd8 {[%emt 0:00:35] [#] White must now prevent ...Ba5.} 22. Rxb8 Qxb8 23. Rb1 Qa8 24. Qb2 Kf8 25. g3 {[%emt 0:00:57] The position is equal.} Ke8 26. Kg2 Qa5 27. Qb7 Qc7 ({Don't do} 27... Qxc3 28. Qxc6+ Kf8 29. Qd7 (29. Qd6+ Ke8 $16) 29... Qf3+ 30. Kg1 $16) 28. Qb2 Qa7 29. Qb4 Ra5 30. Qb3 Ra3 31. Qb2 Qa6 32. Qb4 Bc7 33. Rb3 Ra1 {[%emt 0:01:00] And now ...Qf1+ would win.} 34. Rb1 {[%emt 0:00:41] Inhibits Qf1+.} Ra3 35. Rb3 Ra5 36. Rb2 Kd7 37. Ne2 Qd3 38. Qd2 Qxd2 {[%emt 0:01:05] An interesting draw.  Weighted Error Value: White=0.01 (flawless) /Black=0.01 (flawless)} 1/2-1/2

[Event "Swedish Championship U20 2022"]
[Site "Uppsala"]
[Date "2022.07.03"]
[Round "2.2"]
[White "Olsson, William"]
[Black "Torngren, Gustav"]
[Result "1-0"]
[ECO "A13"]
[WhiteElo "2284"]
[BlackElo "2273"]
[Annotator "TA"]
[PlyCount "55"]
[EventDate "2022.07.01"]
[EventType "tourn"]
[EventCountry "SWE"]
[SourceTitle "playchess.com"]
[Source "ChessBase"]
[SourceQuality "1"]
[TimeControl "40/5400+30:1800+30"]

1. c4 e6 2. Nf3 d5 3. g3 Nf6 4. Bg2 d4 5. O-O Be7 6. b4 {[%emt 0:05:17] A13: English Opening: 1...e6.} O-O 7. Bb2 c5 8. Na3 {[%emt 0:10:19][%cal Bb1a3,Ba3b5,Bb5c3,Bc3d5][%mdl 32] [#] White is slightly better.} Nbd7 $146 ({Predecessor:} 8... cxb4 9. Nb5 d3 10. Ne5 dxe2 11. Qxe2 Nbd7 12. a3 bxa3 13. Bxa3 Bxa3 14. Rxa3 Nxe5 15. Qxe5 Qxd2 {0-1 (36) Balinov,I (2388)-Horvath,P (2484) Austria 2005}) 9. bxc5 {[%emt 0:11:33] aiming for c6.} e5 10. Nb5 Bxc5 11. e3 dxe3 12. fxe3 {[%emt 0:00:49] White now steadily converts the win.} a6 {[%emt 0:03:16] [#]} 13. Nc3 Qe7 (13... b5 $14) 14. d4 $16 Ba7 15. Kh1 Rd8 (15... exd4 $16 16. exd4 Qb4) 16. Qb3 $18 Rb8 (16... Re8 {was called for.} 17. Rad1 exd4 18. exd4 h6) 17. dxe5 Ng4 18. Nd5 Qe6 (18... Qe8 19. Bd4 Bxd4 20. exd4 Nf8) 19. Bd4 (19. Ng5 $142 Qh6 20. Ne7+ Kf8 21. Rxf7+ Ke8 22. h4) 19... Bxd4 20. exd4 {[%emt 0:00:11] Threatens to win with Ng5.} b5 21. h3 $2 (21. Ng5 Qe8 22. Qc2) 21... Nh6 $2 (21... bxc4 22. Qxc4 Ndxe5 23. Nxe5 Nxe5 24. dxe5 Bb7) 22. Ng5 {[%emt 0:02:06] White is clearly winning.} Qe8 23. c5 Bb7 24. Rae1 {[%emt 0:03:34] Hoping for e6.} Nf8 {[%emt 0:00:38] Prevents e6.} 25. e6 fxe6 {[%emt 0:01:56] [#]} 26. Nxe6 $1 Nxe6 {[%emt 0:01:35] [#]} (26... Kh8 27. Rxf8+) 27. Rxe6 $1 Qh5 (27... Qxe6 28. Ne7+) 28. Re5 {[%emt 0:00:18] Weighted Error Value: White=0.67/Black=0.43} 1-0

[Event "Swedish Championship U20 2022"]
[Site "Uppsala"]
[Date "2022.07.03"]
[Round "2.3"]
[White "Rasti, Arvin"]
[Black "Nord, Alexander"]
[Result "1/2-1/2"]
[ECO "B51"]
[WhiteElo "2136"]
[BlackElo "2200"]
[Annotator "RC"]
[PlyCount "74"]
[EventDate "2022.07.01"]
[EventType "tourn"]
[EventCountry "SWE"]
[SourceTitle "playchess.com"]
[Source "ChessBase"]
[SourceQuality "1"]
[TimeControl "40/5400+30:1800+30"]

1. e4 c5 2. Nf3 d6 3. Bb5+ Nd7 4. O-O a6 5. Bd3 Ngf6 6. Re1 e6 7. c3 Be7 8. Bc2 b5 9. d4 Bb7 10. Nbd2 cxd4 11. cxd4 Rc8 12. Nf1 Qc7 13. Bd3 Nb6 14. Ng3 h6 15. b3 O-O 16. Ba3 Rfe8 17. Rc1 Qb8 18. Bb4 Bf8 19. Bb1 Rxc1 20. Qxc1 e5 21. d5 Bc8 22. Nh4 g6 23. Bd3 Bd7 24. Qa3 Bc8 25. Qc1 Nbd7 26. Bd2 Nc5 27. Bc2 Kh7 28. Qb2 Bg7 29. Nf3 Bg4 30. Re3 Rc8 31. h3 Bd7 32. Qa3 Be8 33. Qb4 a5 34. Qa3 b4 35. Qb2 Qc7 36. Bb1 Nfd7 37. Nf1 Rb8 1/2-1/2

[Event "Swedish Championship U20 2022"]
[Site "Uppsala"]
[Date "2022.07.03"]
[Round "2.4"]
[White "Soderstrom, Adrian"]
[Black "Grahn, Vidar"]
[Result "1/2-1/2"]
[ECO "D13"]
[WhiteElo "2292"]
[BlackElo "2003"]
[Annotator "TA"]
[PlyCount "89"]
[EventDate "2022.07.01"]
[EventType "tourn"]
[EventCountry "SWE"]
[SourceTitle "playchess.com"]
[Source "ChessBase"]
[SourceQuality "1"]
[TimeControl "40/5400+30:1800+30"]

1. d4 d5 2. c4 c6 3. Nf3 Nf6 4. e3 Bf5 5. cxd5 cxd5 6. Nc3 Nc6 {[%emt 0:00:00] 6...e6 is vanishing.} 7. Ne5 Rc8 {[%emt 0:00:00] D13: Slav Defence: Exchange variation without ...Bf5.} 8. Bb5 e6 9. g4 Bg6 {[%emt 0:02:10] White is slightly better.} 10. h4 h5 11. Nxg6 fxg6 12. g5 {[%emt 0:00:33] [#]} Ng8 $146 ({Predecessor:} 12... Nd7 13. Qc2 Ne7 14. e4 Qb6 15. Bd3 dxe4 16. Bxe4 Nf5 17. Bd2 Bb4 18. a3 Bd6 {0-1 (31) Rubingh,O (2258)-Balje,J (2189) Groningen 2013}) 13. Qa4 a6 14. Bd3 Nge7 15. Bd2 Nf5 16. Rc1 Bb4 17. a3 Bxc3 18. bxc3 (18. Rxc3 $11 O-O 19. f4) 18... O-O $17 19. c4 Qe7 (19... Qd7 $17) 20. Qb3 $15 Qf7 21. f4 {[%emt 0:03:59] [#]} (21. Rf1 $1 $11 {and White is okay.}) 21... Rce8 $2 (21... Na5 $1 $19 22. Qa2 (22. Bxa5 Nxe3 23. Bb4 Qxf4 $19) 22... Nxc4 23. Rxc4 (23. Bxc4 dxc4 24. Rh3 b5 $17) 23... dxc4 24. Bxc4 Rc6) 22. Qb6 Kh7 {[%emt 0:09:21][%cal Oe6e5] Black wants to play ...e5!} 23. Kd1 (23. Qb1 $11) 23... Qd7 24. c5 (24. Qb1 $15) 24... Nce7 $2 {[%emt 0:05:48] Pair of Knights!} (24... e5 $1 $19 25. fxe5 (25. dxe5 $2 d4 $19) 25... Nfxd4 26. exd4 Qg4+ 27. Kc2 Rf3) 25. Rb1 $16 Rb8 26. Bc2 (26. Rh2 $16) 26... Ng3 $1 $11 27. Rg1 Ngf5 28. Rh1 Ng3 $1 29. Rh3 (29. Rg1 $11 {and White has nothing to worry.} Ngf5 30. Ke2) 29... Nef5 $2 ({Black should play} 29... Ne4 $1 $19 {[%cal Oe6e5] Hoping for ...e5!} 30. Bxe4 dxe4) 30. Ke1 (30. Kc1 $14 {keeps the upper hand.}) 30... Ne4 $1 $17 {[%emt 0:02:59][%cal Oe6e5] And now ...e5! would win.} 31. Bxe4 (31. Rh2 $15 {is more appropriate.}) 31... dxe4 32. Qb3 Qd5 $2 {[%emt 0:03:51] [#]} (32... e5 $17 {stays on course.} 33. dxe5 (33. fxe5 Ne7 $15) 33... Rfc8) 33. Kf2 ({White should try} 33. Qxd5 $1 $16 exd5 34. Rh1) 33... Ne7 (33... b6 $11) 34. Qxd5 $1 $14 exd5 35. Ba5 Rfc8 {[%emt 0:00:47] Prevents Bc7.} 36. Bb6 {[%emt 0:00:00] Ba7 is the strong threat.} Nc6 {[%emt 0:00:14] Prevents Ba7.} 37. Rh2 Kg8 38. Kg3 Kf7 39. Rf2 {[%emt 0:00:00] aiming for f5.} Ke6 40. Rbf1 {[%emt 0:02:38] Strongly threatening f5+. White is more active.} Kf5 41. Kh3 Ra8 42. Kg3 Rab8 43. Rg2 Ra8 44. Rb1 a5 {[%emt 0:01:25] [#]} 45. Rb5 {[%emt 0:03:57] Weighted Error Value: White=0.38/Black=0.35} (45. a4 $1 $16) 1/2-1/2

[Event "Swedish Championship U20 2022"]
[Site "Uppsala"]
[Date "2022.07.03"]
[Round "2.5"]
[White "Falkevall, Axel"]
[Black "Seo, Jung Hyun"]
[Result "1-0"]
[ECO "B12"]
[WhiteElo "2275"]
[BlackElo "2102"]
[Annotator "TA"]
[PlyCount "129"]
[EventDate "2022.07.01"]
[EventType "tourn"]
[EventCountry "SWE"]
[SourceTitle "playchess.com"]
[Source "ChessBase"]
[SourceQuality "1"]
[TimeControl "40/5400+30:1800+30"]

1. e4 c6 2. d4 d5 3. e5 Bf5 4. h4 h5 5. c4 e6 6. Nc3 Ne7 7. Nge2 $1 {[%emt 0:02:17] 7.Nge2 scores better than 7.Bg5. B12: Caro-Kann: Advance Variation.} dxc4 8. Ng3 $1 b5 9. Bg5 {[%emt 0:17:05] aiming for Nge4. The position is equal.} Qd7 {[%emt 0:09:03] [#]} 10. Be2 $146 ({Predecessor:} 10. a4 b4 11. Na2 b3 12. Nc3 Bc2 13. Qd2 c5 14. dxc5 Qxd2+ 15. Kxd2 Nec6 16. Nb5 {½-½ (31) Fedorchuk,S (2625)-Burmakin,V (2526) Schwaebisch Gmuend 2017}) 10... Na6 11. O-O (11. Nxh5 Nb4 12. O-O Nc2 $17) 11... Nb4 12. a4 (12. Nxh5 Nc2 13. Rc1 Nxd4 $17) 12... Nbd5 (12... Bc2 $11 13. Qd2 Nf5) 13. Nxd5 (13. Nxh5 $6 b4 14. Nxd5 cxd5 $11) (13. Bxh5 $6 Nxc3 14. bxc3 b4 $11) (13. axb5 {seems wilder.} cxb5 14. Nxf5 Nxf5 15. Nxd5 exd5 16. Bxh5 Qe6 17. Bg4) 13... exd5 14. Nxf5 (14. Nxh5 Rb8 $14) (14. Bxh5 Be6 $14) (14. axb5 {is interesting.} cxb5 15. Nxf5 Nxf5 16. Bxh5 Qe6 17. Bg4) 14... Nxf5 15. e6 (15. axb5 $16 cxb5 16. Bxh5) 15... fxe6 16. Bxh5+ Rxh5 17. Qxh5+ g6 ({Black should play} 17... Qf7 $14 18. Qd1 b4) 18. Qg4 (18. Qxg6+ $16 Qf7 19. Qxf7+ Kxf7 20. axb5) 18... b4 $11 19. Rfe1 (19. Rae1 $14) 19... Qf7 $1 20. Rad1 Kd7 $1 21. Qf3 Be7 22. g4 $36 {[%emt 0:01:50][%mdl 2048] White has good play.} Nd6 23. Qxf7 {[%emt 0:00:27] Dancing on a razor blade.} Nxf7 24. Bxe7 Kxe7 {[%emt 0:00:02][%mdl 4096] Endgame KRR-KRN} 25. Kg2 Rh8 26. Kg3 Kd6 27. f4 Nd8 28. Rh1 (28. Re5 $16) 28... c5 $1 29. dxc5+ (29. h5 $6 gxh5 30. dxc5+ (30. gxh5 cxd4 31. Rxd4 Nb7 $14) (30. Rxh5 Rf8 $16) 30... Kxc5 $16) 29... Kxc5 30. h5 gxh5 31. gxh5 Nf7 32. Kf3 c3 33. bxc3 bxc3 34. Ke3 Nh6 (34... Kc4 $11 {remains equal.}) 35. Kd3 $16 {[%emt 0:01:08] Strongly threatening Rdg1.} d4 $2 (35... Ng4 $16) 36. Rdg1 $18 (36. Rde1 Ng4 37. Re2 e5 $16) 36... Kd5 37. Rg5+ Nf5 38. h6 {[%emt 0:00:49] And now h7 would win.} Rb8 (38... Rh7 $142 39. Rg6 Kd6) 39. Rg2 (39. h7 $2 Rb2 40. Rd1 (40. Rxf5+ $2 exf5 41. Rd1 Rh2 $19) 40... Rh2 $19) 39... Ne3 40. Re2 $2 (40. Rg7) 40... c2 $2 (40... Nc4) 41. Rxe3 $2 (41. Rh5+ Kd6 42. Rxc2) 41... dxe3 {[%emt 0:00:02] [#] KR-KR} 42. Rh5+ $1 (42. Kxe3 Rb1 43. Rxb1 cxb1=Q 44. f5 exf5 45. h7 Qh1 46. Kf4 Qxh7 47. Ke3 Qh3+ 48. Ke2 Ke4 49. Kd1 Qg2 50. Kc1 Kd3 51. Kb1 Kc3 52. Kc1 Qh1#) (42. Kxc2 Ke4 $11) 42... Kd6 $2 (42... Kc6 $16 43. Kxc2 Rd8) 43. Kxc2 Ke7 44. h7 (44. Kd3 Kf6 45. h7 (45. Kxe3 Kg6 $16) 45... Kg7 46. Kxe3 Kh8 $18) 44... Rh8 45. Kd3 $2 (45. Ra5 Kf6 46. Rxa7) 45... e2 $2 (45... Kf6 46. Rh6+ (46. Kxe3 Kg6 $11) 46... Kg7 47. Rxe6 Kxh7 48. Kxe3 Ra8) 46. Kxe2 Kf6 {[%emt 0:00:20] [#]} 47. Rh6+ Kf5 $2 (47... Kg7 48. Rxe6 Kxh7) 48. Kf3 a5 49. Kg3 {[%emt 0:01:05] White threatens Kf3 and mate.} e5 50. fxe5 Kxe5 51. Kg4 Kd4 52. Kg5 Kc3 53. Kg6 Kb3 54. Rh4 Rb8 55. Kg7 Rb7+ 56. Kf6 Rb8 57. h8=Q Rxh8 58. Rxh8 Kxa4 {[%emt 0:00:02] KR-KP} 59. Rb8 Ka3 60. Ke5 a4 61. Kd4 Ka2 62. Kc3 {[%emt 0:00:16] White mates.} a3 63. Ra8 Kb1 64. Rxa3 Kc1 65. Ra1# {[%emt 0:00:09] Weighted Error Value: White=0.45/Black=0.43} 1-0